 Dungeon Crawl Stone Soup version 0.21-a0-584-g185da8e (webtiles) character file.

268 Amnesiac the Ducker (level 6, 0/37 HPs)
             Began as a Deep Elf Ice Elementalist on Dec 21, 2017.
             Succumbed to a gnoll's poison
             ... on level 4 of the Dungeon.
             The game lasted 00:05:41 (2762 turns).

Amnesiac the Ducker (Deep Elf Ice Elementalist)     Turns: 2762, Time: 00:05:42

Health: 0/37       AC:  2    Str: 10    XL:     6   Next: 0%
Magic:  7/12       EV: 21    Int: 22    God:
Gold:   105        SH:  0    Dex: 22    Spells: 5/13 levels left

rFire    . . .     SeeInvis .   u - +3 rapier
rCold    . . .     Gourm    .   (no shield)
rNeg     . . .     Faith    .   a - +0 robe
rPois    .         Spirit   .   (helmet restricted)
rElec    .         Reflect  .   (no cloak)
rCorr    .         Harm     .   (no gloves)
MR       .....                  (no boots)
Stlth    ++++......             (no amulet)
HPRegen  0.12/turn              (no ring)
MPRegen  0.13/turn              (no ring)

@: mighty, agile, lethally poisoned (0 -> -3)
A: horns 1, agile 1, low mp 1
a: no special abilities


You were on level 4 of the Dungeon.
You were not hungry.

You visited 1 branch of the dungeon, and saw 4 of its levels.

You collected 105 gold pieces.

Inventory:

Hand Weapons
 u - a +3 rapier (weapon)
Missiles
 e - 28 sling bullets
 f - 79 stones (quivered)
 h - 5 needles of sleeping
Armour
 a - a +0 robe (worn)
Wands
 n - a wand of polymorph (16)
Scrolls
 d - 4 scrolls of amnesia {!r, unknown}
 g - 2 scrolls of enchant armour {!r, unknown}
 j - 3 scrolls of identify {!r, unknown}
 k - 3 scrolls of teleportation {!r, unknown}
 l - 4 scrolls of remove curse {!r, unknown}
 m - 2 scrolls of enchant weapon {!r, unknown}
 p - 2 scrolls of immolation {!r, unknown}
 q - a scroll of blinking {!r, unknown}
 v - a scroll of magic mapping {!r, unknown}
Potions
 r - a potion of mutation {!q}
Books
 b - a book of Frost

   Spells                             Type                      Level
   a - Freeze                         Ice                          1
   b - Throw Frost                    Conjuration/Ice              2
   c - Ozocubu's Armour               Charms/Ice                   3
   d - Throw Icicle                   Conjuration/Ice              4
   e - Summon Ice Beast               Ice/Summoning                4
 o - a book of Maledictions

   Spells                             Type                      Level
   a - Corona                         Hexes                        1
   b - Ensorcelled Hibernation        Hexes/Ice                    2
   c - Confuse                        Hexes                        3
   d - Tukima's Dance                 Hexes                        3
   e - Dazzling Spray                 Conjuration/Hexes            3
Comestibles
 c - 7 rations
 i - 6 chunks of flesh


   Skills:
 + Level 3.0 Fighting
 + Level 4.5 Dodging
 - Level 2.4 Stealth
 - Level 4.0 Spellcasting
 + Level 1.8 Conjurations
 - Level 4.0 Ice Magic


You had 5 spell levels left.
You knew the following spells:

 Your Spells              Type           Power        Failure   Level  Hunger
a - Freeze                Ice            ###.         2%          1    None
b - Ozocubu's Armour      Chrm/Ice       ##......     14%         3    ###....
d - Throw Icicle          Conj/Ice       ###.....     32%         4    ####...


Dungeon Overview and Level Annotations

Branches:
Dungeon (4/15)
 Temple: D:4-7

Altars:

Annotations:
D:3 Nattefrost's ghost, amateur HOFi


Innate Abilities, Weirdness & Mutations

You have a pair of small horns on your head.
You are agile. (Dex +2)
Your magical capacity is low. (-10% MP)


Message History

* * * LOW HITPOINT WARNING * * *
You are lethally poisoned!
Casting: Freeze
Confirm with . or Enter, or press ? or * to list all spells.
Aiming: Freeze
Press: ? - help, Shift-Dir - straight line, f/p - gnoll
Aim: a gnoll, wielding a whip of venom (moderately wounded)
You freeze the gnoll.
The gnoll is severely wounded.
* * * LOW HITPOINT WARNING * * *
You feel sick. The gnoll barely misses you.
Unknown command.
Casting: Freeze
Confirm with . or Enter, or press ? or * to list all spells.
Aiming: Freeze
Press: ? - help, Shift-Dir - straight line, f/p - gnoll
Aim: a gnoll, wielding a whip of venom (severely wounded)
You freeze the gnoll.
You kill the gnoll!
Your Fighting skill increases to level 3!
You have reached level 6!
Your experience leads to an increase in your attributes!
Your base attributes are Str 5, Int 21, Dex 15.
Increase (S)trength, (I)ntelligence, or (D)exterity?
You feel clever.
* * * LOW HITPOINT WARNING * * *
You feel sick.
The gnoll throws a throwing net.
The throwing net closely misses you.
* * * LOW HITPOINT WARNING * * *
You feel sick.
* * * LOW HITPOINT WARNING * * *
You feel sick.
* * * LOW HITPOINT WARNING * * *
You feel sick.
* * * LOW HITPOINT WARNING * * *
You feel sick.
* * * LOW HITPOINT WARNING * * *
You feel sick.
* * * LOW HITPOINT WARNING * * *
You feel sick.
* * * LOW HITPOINT WARNING * * *
You feel sick.
* * * LOW HITPOINT WARNING * * *
You feel sick.
* * * LOW HITPOINT WARNING * * *
You feel sick.
Okay, then.
* * * LOW HITPOINT WARNING * * *
You feel sick.
Really quaff
s - a fuming dark potion {!q}?
It was a potion of agility {!q}.
You feel agile all of a sudden.
* * * LOW HITPOINT WARNING * * *
You feel sick.
Really quaff
t - a brown potion {!q}?
It was a potion of might {!q}.
You feel very mighty all of a sudden.
* * * LOW HITPOINT WARNING * * *
You feel sick. The gnoll closely misses you.
* * * LOW HITPOINT WARNING * * *
You feel sick.
Things that are here:
a whip of venom; an adder corpse You die...

..........# #####....#
#......#.# #.#....#.#
#.#.#..#.# ## #.#.#..#.#
# #.. #.#.#..#.#
#.#..########........###
#....(....@)g.g.........?
###....########.#########
...........g.g...........
.#.......#######.########
#.......# #.# #.......#
#<# #.......# ###
#.......# #########


You could see 2 gnolls.

Vanquished Creatures
  Natasha (thrice) (D:2)
  4 gnolls
  7 adders
  An ooze (D:2)
  3 worms (D:2)
  6 orcs
  9 bats
  6 giant cockroaches
  5 goblins
  8 hobgoblins
  7 jackals
  3 ball pythons
  A frilled lizard (D:2)
  A jackal skeleton (D:4)
  6 kobolds
  8 rats
78 creatures vanquished.

Notes
Turn   | Place    | Note
-------+----------+-------------------------------------------
     0 | D:1      | Amnesiac the Deep Elf Ice Elementalist began the quest for the Orb.
     0 | D:1      | Reached XP level 1. HP: 10/10 MP: 6/6
   216 | D:1      | Reached skill level 1 in Fighting
   380 | D:1      | Reached XP level 2. HP: 16/16 MP: 6/8
   909 | D:2      | Reached XP level 3. HP: 18/20 MP: 4/9
   911 | D:2      | Noticed Natasha
   914 | D:2      | Learned a level 3 spell: Ozocubu's Armour
   918 | D:2      | Killed Natasha
  1146 | D:2      | Reached XP level 4. HP: 23/26 MP: 5/10
  1212 | D:2      | Gained mutation: You are agile. (Dex +2) [potion of mutation]
  1212 | D:2      | Gained mutation: Your magical capacity is low. (-10% MP) [potion of mutation]
  1212 | D:2      | Gained mutation: You have a pair of small horns on your head. [potion of mutation]
  1551 | D:2      | Noticed Natasha
  1659 | D:2      | Killed Natasha
  1669 | D:2      | HP: 1/27 [gnoll/spear (3)]
  1968 | D:2      | Learned a level 4 spell: Throw Icicle
  2099 | D:2      | Reached XP level 5. HP: 27/31 MP: 8/11
  2168 | D:2      | Noticed Natasha
  2178 | D:2      | Killed Natasha
  2663 | D:3      | Noticed Nattefrost's ghost (amateur HOFi)
  2742 | D:4      | Reached XP level 6. HP: 15/37 MP: 5/12
  2757 | D:4      | HP: 1/37 [poisoned by a gnoll]
  2762 | D:4      | Succumbed to a gnoll's poison

Vault maps used:
D:1:      evilmike_arrival_crescent, hex_medium, st_stairs_9, minmay_octomino_j4
D:2:      uniq_natasha
D:3:      yredelemnul_forgotten_temple_becter, first_ration,
          nicolae_ru_great_annihilating_truth, uniq_ijyb, uniq_jessica
D:4:      kiku_gazebo_pond_becter, grunt_temple_overflow_open

Skill      XL: |  1  2  3  4  5 |
---------------+----------------+-----
Fighting       | 1 2 3 |  3.0
Dodging        | 3 4 |  4.5
Ice Magic      | 4 |  4.0
Spellcasting   | 4 |  4.0
Stealth        | |  2.4
Conjurations   | |  1.8

Action                   |  1- 3 |  4- 6 || total
-------------------------+-------+-------++-------
Melee: Unarmed           |     4 |    26 ||    30
       Headbutt          |       |     2 ||     2
       Rapier            |       |     1 ||     1
 Cast: Freeze            |    50 |    92 ||   142
  Use: Potion            |       |     4 ||     4
  Eat: Ration            |       |     1 ||     1
       Chunk             |       |     2 ||     2
Armor: Robe              |     6 |    17 ||    23
Dodge: Dodged            |    25 |   108 ||   133

Table legend:
 A = Spawn XP
 B = Non-spawn XP
 C = Spawn XP percentage of total XP
 D = Spawn monster count
 E = Non-spawn monster count
 F = Spawn count percentage of total count
 G = Total turns spent on level
                    A         B        C        D         E        F      G
               +---------+---------+-------+---------+---------+-------+---------
         Total |       0 |     383 |   0.0 |       0 |      78 |   0.0 |  2762
               +---------+---------+-------+---------+---------+-------+---------
           D:1 |       0 |      36 |   0.0 |       0 |      23 |   0.0 |  1640
           D:2 |       0 |     297 |   0.0 |       0 |      42 |   0.0 |   888
           D:3 |       0 |      19 |   0.0 |       0 |       9 |   0.0 |   164
           D:4 |       0 |      31 |   0.0 |       0 |       4 |   0.0 |    70
               +---------+---------+-------+---------+---------+-------+---------
